 Dungeon Crawl Stone Soup version 0.26.1-11-gd32895ea62 (webtiles) character file.

Game seed: 2889248109645093256

119 nothank2 the Cudgeller (level 4, -1/39 HPs)
             Began as a Minotaur Fighter on June 25, 2021.
             Succumbed to Sigmund's poison
             ... on level 3 of the Dungeon.
             The game lasted 00:04:03 (1783 turns).

nothank2 the Cudgeller (Minotaur Fighter)           Turns: 1783, Time: 00:04:04

Health: -1/39      AC:  8    Str: 21    XL:     4   Next: 74%
Magic:  3/3        EV: 11    Int:  5    God:
Gold:   164        SH:  9    Dex: 10    Spells: 3/3 levels left

rFire    . . .     SeeInvis .   a - +0 flail
rCold    . . .     Faith    .   c - +0 kite shield
rNeg     . . .     Spirit   .   b - +0 scale mail
rPois    .         Reflect  .   (helmet restricted)
rElec    .         Harm     .   p - +0 cloak
rCorr    .         Rampage  .   (no gloves)
Will     .....                  (no boots)
Stlth    ..........             (no amulet)
HPRegen  0.13/turn              g - ring of wizardry
MPRegen  0.08/turn              n - +4 ring of evasion

@: lethally poisoned (-1 -> -30)
A: retaliatory headbutt, horns 2
a: no special abilities


You were on level 3 of the Dungeon.
You visited 1 branch of the dungeon, and saw 3 of its levels.

You collected 164 gold pieces.

Inventory:

Hand Weapons
 a - a +0 flail (weapon)
Armour
 b - a +0 scale mail (worn)
 c - a +0 kite shield (worn)
 p - a +0 cloak (worn)
Jewellery
 g - a ring of wizardry (left hand)
 n - a +4 ring of evasion (right hand)
 q - an uncursed ring of attention
Wands
 m - a wand of disintegration (12)
Scrolls
 e - a scroll of identify
 h - 3 scrolls of remove curse
Potions
 d - a potion of might
 f - a potion of heal wounds {unknown}
 i - 3 potions of curing
 l - a potion of flight {unknown}
 r - a potion of degeneration {unknown}


   Skills:
 - Level 3.6 Fighting
 + Level 6.1 Maces & Flails
 - Level 3.6 Armour
 - Level 3.6 Shields


You had 3 spell levels left.
You didn't know any spells.
Your spell library was empty.

Dungeon Overview and Level Annotations

Branches:
Dungeon (3/15)

Altars:
Gozag
Trog


Innate Abilities, Weirdness & Mutations

You reflexively headbutt those who attack you in melee.
You have a pair of horns on your head.


Message History

You feel sick. Something hits you but does no damage.
You are more poisoned.
You feel sick.
You feel sick. Something hits you!
* * * LOW HITPOINT WARNING * * *
You are more poisoned.
You closely miss something. Your headbutt misses something.
* * * LOW HITPOINT WARNING * * *
You feel very sick. Something hits you.
* * * LOW HITPOINT WARNING * * *
You are more poisoned.
You hit something. You headbutt something.
* * * LOW HITPOINT WARNING * * *
You feel very sick.
The hobgoblin hits you but does no damage.
You miss something. You headbutt something!
Reactivating autopickup.
You feel a bit more experienced.
You die...

.# .# ##.#
#..#
##..####..
##.>..>....
####.†.)#
#.......##
#..##†@..#
## #)g#..#
#.###.#
..... #<
..# !#
....## #..
.#.# #
.....
#..##...#
.... ##.. #
... ..##...
##.. #
#§#§.# #..


You could see a hobgoblin.

Vanquished Creatures
  Sigmund (D:3)
  Crazy Yiuf (D:2)
  2 adders (D:2)
  4 worms
  A dart slug (D:1)
  2 leopard geckos (D:2)
  11 bats
  2 giant cockroaches
  9 goblins
  4 hobgoblins
  4 jackals (D:2)
  2 quokkas (D:2)
  A frilled lizard (D:1)
  11 kobolds
  3 rats
58 creatures vanquished.

Notes
Turn   | Place    | Note
-------+----------+-------------------------------------------
     0 | D:1      | nothank2 the Minotaur Fighter began the quest for the Orb.
     0 | D:1      | Reached XP level 1. HP: 19/19 MP: 0/0
   146 | D:1      | Reached skill level 3 in Maces & Flails
   206 | D:1      | Reached XP level 2. HP: 25/26 MP: 1/1
   545 | D:2      | Reached skill level 4 in Maces & Flails
   588 | D:2      | Found an opulent altar of Gozag.
   715 | D:2      | Reached XP level 3. HP: 24/31 MP: 2/2
  1173 | D:2      | Reached skill level 5 in Maces & Flails
  1187 | D:2      | Found a bloodstained altar of Trog.
  1226 | D:2      | Reached XP level 4. HP: 39/39 MP: 3/3
  1245 | D:2      | Found a runed translucent door.
  1246 | D:2      | Noticed Crazy Yiuf
  1254 | D:2      | Killed Crazy Yiuf
  1742 | D:3      | Reached skill level 6 in Maces & Flails
  1762 | D:3      | Noticed Sigmund
  1782 | D:3      | HP: 1/39 [poisoned by Sigmund]
  1783 | D:3      | Killed Sigmund
  1783 | D:3      | Succumbed to Sigmund's poison

Illustrated notes

Levels and vault maps discovered:
D:1:      dpeg_arrival_rooms_with_view, layout_rooms
D:2:      layout_basic, overflow_temple_1_default, marbit_many_paths,
          minmay_tromino_i4, uniq_crazy_yiuf_cottage
D:3:      layout_rooms, nicolae_overflow_crystal_walls,
          lightli_sewer_entry_pipes, uniq_terence, uniq_sigmund

Skill      XL: |  1  2  3  4 |
---------------+-------------+-----
Maces & Flails | 3 4 5 6 |  6.1
Fighting       | |  3.6
Armour         | |  3.6
Shields        | |  3.6

Action                   |  1- 3 |  4- 6 || total
-------------------------+-------+-------++-------
Melee: Flail             |   103 |    41 ||   144
       Headbutt          |    13 |     5 ||    18
  Use: Scroll            |       |     5 ||     5
Armor: Scale mail        |    38 |    18 ||    56
Dodge: Dodged            |    34 |    15 ||    49
Block: Kite shield       |    63 |    21 ||    84
